[Event "FIDE World School-ch G-17 2025"]
[Site "Vrnjacka Banja"]
[Date "2025.03.26"]
[Round "7.1"]
[White "Buyankhishig, Batpelden"]
[Black "Kirtadze, Anastasia"]
[Result "0-1"]
[Annotator "TA"]
[ECO "E11"]
[WhiteElo "1907"]
[BlackElo "2180"]
[PlyCount "110"]
[EventDate "2025.03.19"]
[EventType "swiss"]
[EventCountry "SRB"]
[SourceTitle "playchess.com"]
[Source "ChessBase"]
[SourceQuality "1"]
[TimeControl "5400+30"]

1. d4 Nf6 2. c4 e6 3. Nf3 Bb4+ 4. Nbd2 O-O 5. a3 Be7 6. e4 d6 {[%emt 0:00:42] E11: Bogo-Indian.} 7. Be2 {[%emt 0:00:43] 7.Be2 is better than 7.Bd3.} Nfd7 8. O-O e5 {[%emt 0:01:32] The position is equal.} 9. Nb1 Nc6 $146 ({Predecessor:} 9... exd4 10. Nxd4 Nc6 11. Be3 Bf6 12. Nc3 Nc5 13. Nxc6 bxc6 14. Bxc5 dxc5 15. Qc2 Rb8 {0-1 Celik,H (2431)-Ivic,V (2622) EU-ch 24th Petrovac 2024 (8)}) 10. d5 Ncb8 11. b4 a5 12. Bb2 b6 13. Nc3 g6 14. Nb5 Ba6 15. Qc2 f5 16. Nd2 f4 17. Nb3 Bxb5 (17... c6 $142) 18. cxb5 $16 a4 19. Nd2 Nf6 20. g3 Nh5 21. Bxh5 gxh5 22. gxf4 Rxf4 23. Kh1 Nd7 24. Nc4 Kh8 25. Ne3 Rf8 26. f4 (26. Nf5) 26... Bf6 27. Ng2 {[%emt 0:03:16] White has space advantage and is better} (27. Rac1 $16) 27... h4 (27... Qe8 $14) 28. fxe5 (28. Rf3 $16) 28... Bxe5 $11 29. Nf4 Qf6 {[%emt 0:02:44] Prevents Ne6} 30. Rab1 (30. Nd3 $1 $11 Qxf1+ 31. Rxf1 Rxf1+ 32. Kg2) 30... Rf7 (30... Bxb2 $1 $17 31. Qxb2 Ne5) 31. Qe2 $2 (31. Nd3 $11 {and White is okay.} Qxf1+ 32. Rxf1 Rxf1+ 33. Kg2) 31... Bxb2 $2 ({Black should play} 31... Raf8 $19 {...Bxb2 is the strong threat.} 32. Bxe5 (32. Ne6 $2 Qxf1+ 33. Rxf1 Rxf1+ 34. Kg2 h3+ 35. Kxh3 R1f2 $19) 32... Nxe5 (32... Qxe5 $2 33. Ne6 $19)) 32. Qxb2 (32. Ne6 Qg6 33. Qxb2+ Ne5 $18) (32. Nd3 $5) 32... Ne5 {[%emt 0:00:29] Inhibits Ng6+.} (32... Qxb2 {simplifies} 33. Rxb2 Raf8 34. Rbf2 Ne5) 33. Nd3 Nf3 $1 34. Qxf6+ Rxf6 35. Rf2 {[%emt 0:00:39] Dodges Nd2} ({Better is} 35. e5 $11 dxe5 (35... Nxe5 $2 {perishes.} 36. Rxf6 Nxd3 37. Rbf1 $18) 36. Nxe5 (36. Ne1 e4 $17)) 35... Raf8 $1 $15 36. Rbf1 {[%emt 0:00:06][%cal Oe4e5] Strongly threatening e5!.} Kg7 $1 37. Rg2+ $1 Rg6 (37... Kh6 $1 $15 38. Rg4 h3) 38. Rc2 (38. Rgf2 $5 Rgf6 $8 39. Rg2+ Kh6 40. Rg4 $15) 38... Rf7 39. Nb2 Kh6 (39... h3 $1 $15 40. Nxa4 Rgf6) 40. Nc4 {[%emt 0:00:28] [#]} (40. Nxa4 $11 Rfg7 41. Rcc1) 40... Rfg7 41. Rcc1 $1 $11 Nd4 $40 {[%emt 0:00:33][%cal Og7e7][%mdl 128] Black attacks.} 42. Ne3 Kh5 43. Nf5 (43. Rcd1 $1 $11 Nxb5 44. Nf5) 43... Nxf5 $17 44. Rxf5+ {[%emt 0:00:01][%mdl 4096] Endgame KRR-KRR} Rg5 45. Rf4 Rg2 (45... h6 $17 46. Rf2 Re7) 46. Rf5+ $1 $15 R2g5 47. Rf8 {[%emt 0:00:32] [#]} (47. Rf4 $1 $11 {keeps the balance.}) 47... Re7 $1 $17 48. Rc8 (48. Rff1 $142) 48... Rxe4 49. R8xc7 {[%emt 0:00:09] [#]} h6 (49... Rxd5 50. Rxh7+ Kg4 51. Rg1+ Kf3 52. Rf7+ Ke2 53. Ra7) 50. R7c6 Rxd5 51. Rxb6 Rd2 (51... Rd3 $17 52. Kg1 Red4 (52... Rxa3 $2 53. Rxd6 Rxb4 54. b6 $19)) 52. Rbc6 (52. Rb8 $1 $11) 52... Ree2 {[%emt 0:00:28] Black is more active.} 53. b6 $2 (53. h3 $17) 53... Rxh2+ 54. Kg1 Rdg2+ 55. Kf1 h3 {[%emt 0:00:04] Weighted Error Value: White=0.43/Black=0.25 (precise)   Loses game:     	White=2     	---        Missed win:     	---       	Black=1      Mistake:       	White=10    	Black=8      Inaccurate:     	White=3     	Black=8      OK:         	White=16    	Black=8      Best:        	White=3     	Black=7      Strong:       	White=3     	Black=4} 0-1

[Event "FIDE World School-ch G-17 2025"]
[Site "Vrnjacka Banja"]
[Date "2025.03.26"]
[Round "7.2"]
[White "Seyhan, Pelin"]
[Black "Newansa, M Esandi"]
[Result "0-1"]
[Annotator "NA RC"]
[ECO "D11"]
[WhiteElo "1924"]
[BlackElo "1801"]
[PlyCount "120"]
[EventDate "2025.03.19"]
[EventType "swiss"]
[EventCountry "SRB"]
[SourceTitle "playchess.com"]
[Source "ChessBase"]
[SourceQuality "1"]
[TimeControl "5400+30"]

1. Nf3 d5 2. c4 c6 3. d4 Nf6 4. Qc2 dxc4 5. e4 b5 6. b3 cxb3 7. axb3 e6 8. Bd3 Bb7 9. O-O Be7 10. Nc3 a6 11. Rd1 Qc8 12. e5 Nfd7 13. Bxh7 Nb6 14. Bg5 c5 15. Bxe7 Kxe7 16. dxc5 N6d7 17. Be4 Nxc5 18. Bxb7 Nxb7 19. Qd2 Nd7 20. Nxb5 Rd8 21. Nd6 Nxd6 22. Qxd6+ Ke8 23. Qd3 Nf8 24. Qe4 Qc3 25. Nd2 Ng6 26. Nc4 Qxb3 27. Nd6+ Kf8 28. Rd3 Qb2 29. Re1 Qxe5 30. Qb4 a5 31. Qd2 Qf4 32. Qd1 Qb4 33. Re4 Qb6 34. Rxe6 Nf4 35. Qf3 Ra7 36. Rb3 Qxb3 37. Qxb3 Nxe6 38. h4 Rad7 39. Nf5 Kg8 40. h5 Nd4 41. Nxd4 Rxd4 42. Qg3 R8d5 43. Qb8+ Kh7 44. Qa7 Rd1+ 45. Kh2 Rxh5+ 46. Kg3 Rf5 47. f3 g6 48. Qa8 Rd2 49. Qe8 Kg7 50. Qe3 Rfd5 51. Qc3+ R2d4 52. Kh2 a4 53. f4 Kh7 54. g3 Rd3 55. Qc7 Rd7 56. Qc4 a3 57. f5 a2 58. Qh4+ Kg8 59. Qa4 Rd1 60. Qa8+ Rd8 0-1

[Event "FIDE World School-ch G-17 2025"]
[Site "Vrnjacka Banja"]
[Date "2025.03.26"]
[Round "7.3"]
[White "Wang, Chloe Heather"]
[Black "Altynbek, Aiaru"]
[Result "0-1"]
[Annotator "NA RC"]
[ECO "B15"]
[WhiteElo "1892"]
[BlackElo "2005"]
[PlyCount "76"]
[EventDate "2025.03.19"]
[EventType "swiss"]
[EventCountry "SRB"]
[SourceTitle "playchess.com"]
[Source "ChessBase"]
[SourceQuality "1"]
[TimeControl "5400+30"]

1. e4 c6 2. d4 d5 3. Nc3 dxe4 4. Nxe4 Nf6 5. Nxf6+ exf6 6. c3 Bd6 7. Bd3 O-O 8. Qc2 Re8+ 9. Ne2 h5 10. Be3 Nd7 11. O-O-O Nf8 12. Kb1 Be6 13. c4 a6 14. Nc3 Bb4 15. Ne4 Be7 16. Be2 Qa5 17. Bd2 Qc7 18. Bc3 Red8 19. Qd2 h4 20. g3 h3 21. f4 Rd7 22. g4 b5 23. f5 Bxc4 24. Bxc4 bxc4 25. g5 fxg5 26. Nxg5 Rd5 27. Rhf1 c5 28. Ne4 f6 29. Qe3 Rad8 30. Kc1 Qd7 31. Qxh3 cxd4 32. Bd2 c3 33. Bh6 Qb5 34. Rf2 Rc8 35. b3 Ba3+ 36. Kc2 d3+ 37. Rxd3 Qxd3+ 38. Qxd3 Rxd3 0-1

[Event "FIDE World School-ch G-17 2025"]
[Site "Vrnjacka Banja"]
[Date "2025.03.26"]
[Round "7.4"]
[White "Kusakina, Uliana"]
[Black "Maslova, Anastasiya Yar"]
[Result "0-1"]
[Annotator "NA RC"]
[ECO "D43"]
[WhiteElo "1855"]
[BlackElo "1938"]
[PlyCount "64"]
[EventDate "2025.03.19"]
[EventType "swiss"]
[EventCountry "SRB"]
[SourceTitle "playchess.com"]
[Source "ChessBase"]
[SourceQuality "1"]
[TimeControl "5400+30"]

1. d4 Nf6 2. Nf3 e6 3. c4 d5 4. Nc3 c6 5. Bf4 dxc4 6. a4 Bb4 7. Qc2 a5 8. Bd2 O-O 9. e3 b5 10. e4 h6 11. g4 e5 12. dxe5 Bxg4 13. Be2 Bxf3 14. Bxf3 Nfd7 15. axb5 Nxe5 16. Be2 Nbd7 17. f4 Qh4+ 18. Kd1 Ng4 19. Kc1 Nc5 20. Bxc4 cxb5 21. Bxb5 Rab8 22. Bc4 Rfc8 23. Be1 Qf6 24. Nd5 Qd8 25. Bxb4 axb4 26. Rg1 b3 27. Qe2 Nf2 28. Kb1 Ncxe4 29. Rc1 Rxc4 30. Rxc4 Qxd5 31. Rc7 Rd8 32. Raa7 Qd1+ 0-1

[Event "FIDE World School-ch G-17 2025"]
[Site "Vrnjacka Banja"]
[Date "2025.03.26"]
[Round "7.5"]
[White "Nauanova Zhaniya"]
[Black "Orazalina, Nursulu"]
[Result "1-0"]
[Annotator "NA RC"]
[ECO "A21"]
[WhiteElo "1905"]
[BlackElo "1895"]
[PlyCount "129"]
[EventDate "2025.03.19"]
[EventType "swiss"]
[EventCountry "SRB"]
[SourceTitle "playchess.com"]
[Source "ChessBase"]
[SourceQuality "1"]
[TimeControl "5400+30"]

1. c4 e5 2. Nc3 d6 3. Nf3 f5 4. g3 Nf6 5. d4 e4 6. Nh4 Be7 7. Ng2 O-O 8. Bg5 Be6 9. e3 c6 10. Be2 Na6 11. h4 Nc7 12. Nf4 Bf7 13. Rc1 Ne6 14. Nxe6 Bxe6 15. O-O h6 16. Bxf6 Rxf6 17. d5 Bf7 18. dxc6 bxc6 19. Kg2 g5 20. hxg5 hxg5 21. Rh1 Qf8 22. Rh2 Rh6 23. Rxh6 Qxh6 24. Qa4 d5 25. cxd5 cxd5 26. Qd7 Qe6 27. Qxe6 Bxe6 28. Nb5 Bd8 29. Rc6 Bf7 30. Nd4 f4 31. exf4 gxf4 32. gxf4 Bb6 33. Nf5 d4 34. Nh6+ Kg7 35. Nxf7 Kxf7 36. Bc4+ Kg7 37. Re6 e3 38. fxe3 dxe3 39. f5 Rf8 40. Bd3 Rd8 41. f6+ Kf7 42. Bc4 Rd2+ 43. Kh3 Rd4 44. Bb3 Kf8 45. f7 Kxf7 46. Rxb6+ Kf8 47. Re6 Rd2 48. Rxe3 Rxb2 49. Rc3 a5 50. Rc8+ Ke7 51. Ra8 Kd6 52. Rxa5 Kc6 53. Kg3 Kb6 54. Rh5 Rb1 55. Kf3 Rc1 56. Ke3 Rc3+ 57. Kd4 Rg3 58. Kc4 Rg4+ 59. Kc3 Rg3+ 60. Kb4 Rg4+ 61. Bc4 Rg1 62. Rh6+ Ka7 63. Ka5 Rg7 64. Rf6 Rg5+ 65. Bb5 1-0

[Event "FIDE World School-ch G-17 2025"]
[Site "Vrnjacka Banja"]
[Date "2025.03.26"]
[Round "7.6"]
[White "Vojinovic, Anastasija"]
[Black "Dumitrache, Elisa-Andreea"]
[Result "1/2-1/2"]
[Annotator "NA RC"]
[ECO "B19"]
[WhiteElo "1857"]
[BlackElo "1650"]
[PlyCount "52"]
[EventDate "2025.03.19"]
[EventType "swiss"]
[EventCountry "SRB"]
[SourceTitle "playchess.com"]
[Source "ChessBase"]
[SourceQuality "1"]
[TimeControl "5400+30"]

1. e4 c6 2. d4 d5 3. Nc3 dxe4 4. Nxe4 Bf5 5. Ng3 Bg6 6. Nf3 Nd7 7. h4 h6 8. Bd3 Bxd3 9. Qxd3 Ngf6 10. Bd2 e6 11. O-O-O Qc7 12. Ne4 O-O-O 13. g3 Nxe4 14. Qxe4 Nf6 15. Qe2 Bd6 16. c4 c5 17. Bc3 Qb6 18. Ne5 Rhf8 19. Ng4 Nxg4 20. Qxg4 g6 21. d5 h5 22. Qe4 exd5 23. Rxd5 Rfe8 24. Qd3 Be5 25. Bxe5 Rxe5 26. Rxd8+ Qxd8 1/2-1/2